 Dungeon Sprint DCSS version 0.21-a0-434-g806c6c2 (webtiles) character file.

27 theanonym the Cudgeler (level 3, 0/23 HPs)
             Began as a Gargoyle Fighter on Nov 8, 2017.
             Slain by an ogre
             ... wielding a +0 giant club
              (23 damage)
             ... in the Dungeon (Sprint I: "Red Sonja").
             The game lasted 00:00:38 (93 turns).

theanonym the Cudgeler (Gargoyle Fighter)             Turns: 93, Time: 00:00:39

Health: 0/23       AC: 10    Str: 20    XL:     3   Next: 10%
Magic:  3/3        EV:  7    Int:  8    God:
Gold:   0          SH:  9    Dex:  9    Spells: 2/2 levels left

rFire    . . .     SeeInvis .   a - +0 flail
rCold    . . .     Gourm    .   c - +0 shield
rNeg     + . .     Faith    .   k - +0 scale mail
rPois    ∞         Spirit   .   (no helmet)
rElec    +         Reflect  .   (no cloak)
rCorr    .         Harm     .   (no gloves)
MR       .....     NoTele   +   (no boots)
Stlth    ..........             (no amulet)
HPRegen  0.07/turn              (no ring)
MPRegen  0.08/turn              (no ring)

@: no status effects
A: negative energy resistance 1, electricity resistance, unbreathing,
petrification resistance, rot immunity, AC +3
a: no special abilities


Innate Abilities, Weirdness & Mutations

You are resistant to torment.
Your stone body is resilient. (AC +3)
You are immune to poison.
You resist negative energy. (rN+)
You are resistant to electric shocks. (rElec)
You can survive without breathing.
You are immune to petrification.
You are immune to rotting.


   Skills:
 - Level 3.2 Fighting
 + Level 6.2 Maces & Flails
 - Level 3.2 Armour
 - Level 3.2 Shields


You had 2 spell levels left.
You didn't know any spells.

Skill      XL: |  1 |
---------------+----+-----
Maces & Flails | 6 |  6.2
Fighting       | |  3.2
Armour         | |  3.2
Shields        | |  3.2

Action                   || total
-------------------------++-------
Melee: Flail             ||    21
Armor: Scale mail        ||     7
Dodge: Dodged            ||     5
Block: Shield            ||     7

Inventory:

Hand Weapons
 a - a +0 flail (weapon)
Armour
 c - a +0 shield (worn)
 k - a +0 scale mail (worn)
Scrolls
 b - a scroll of blinking
Potions
 d - a potion of might
 e - a potion of curing
 g - a potion of flight {unknown}
 h - a potion of haste
 i - 2 potions of magic
 j - a potion of berserk rage
 q - a potion of heal wounds
Comestibles
 f - a bread ration
 l - 3 chunks of flesh

Dungeon Overview and Level Annotations

Branches:
Dungeon (1/1)

Altars:
You were in the Dungeon. You were not hungry. You visited 1 branch


Message History

q - a potion of heal wounds;
b - a scroll of blinking
k - a +0 scale mail (worn)
Welcome, theanonym the Gargoyle Fighter.
Found a staircase leading out of the dungeon.
You open the door.
Ijyb the Twisted Goblin comes into view.
She is wielding a dagger.
You aren't carrying any items that you can evoke.
You closely miss Ijyb. Ijyb hits you but does no damage.
You closely miss Ijyb. Ijyb barely misses you.
You barely miss Ijyb. Ijyb barely misses you. You block Ijyb's attack.
You hit Ijyb. Ijyb hits you but does no damage.
You hit Ijyb but do no damage. Ijyb screams, "Me stronger than you!"
Ijyb hits you but does no damage. You block Ijyb's attack.
You hit Ijyb. You block Ijyb's attack.
Your shield and scale mail prevent you from hitting Ijyb.
Ijyb hits you but does no damage.
You hit Ijyb. Ijyb hits you but does no damage. x2
You hit Ijyb but do no damage. You block Ijyb's attack.
You sock Ijyb! Ijyb closely misses you.
You barely miss Ijyb. You block Ijyb's attack.
Ijyb hits you but does no damage.
You closely miss Ijyb. Ijyb hits you with a dagger.
You take 2 damage, and have 12/14 hp.
You closely miss Ijyb. Ijyb hits you but does no damage.
Your shield and scale mail prevent you from hitting Ijyb.
You block Ijyb's attack. x2
You hit Ijyb. Ijyb barely misses you.
You closely miss Ijyb. Ijyb hits you but does no damage. x2
You barely miss Ijyb. Ijyb hits you but does no damage.
You closely miss Ijyb. Ijyb hits you with a dagger.
You take 2 damage, and have 11/14 hp.
You hit Ijyb.
You kill Ijyb!
Your Maces & Flails skill gained 4 levels and is now at level 6!
You have reached level 2!
You have reached level 3!
Your experience leads to an increase in your attributes!
Increase (S)trength, (I)ntelligence, or (D)exterity?
You feel stronger.
You regained 7 hp, and now have 18/23 hp.
MP restored: 3
g - a sapphire potion
There is an open door, spattered with blood here.
Things that are here:
a dagger; a scale mail; the goblin corpse of Ijyb You butcher the goblin corpse of Ijyb.
l - 3 chunks of flesh
There is an open door, spattered with blood here.
Things that are here:
a dagger; a scale mail; the goblin skeleton of Ijyb You start resting.
Health restored: 23
Okay, then.
Unknown command.
You open the door.
An ogre comes into view. It is wielding a giant club.
The ogre shouts!
There is an open door here.
You hit the ogre. The ogre barely misses you.
You closely miss the ogre. The ogre hits you with a giant club!!
Ouch! That really hurt!
You die...

##########
#<.#..@O.#
#..)..#..+
#..#####+#
#..# #..#
#..# #⌠⌠#
####


You could see an ogre.

Notes
Turn   | Place    | Note
-------+----------+-------------------------------------------
     0 | D        | theanonym the Gargoyle Fighter began the quest for the Orb.
     0 | D        | Reached XP level 1. HP: 14/14 MP: 1/1
     1 | D        | Noticed Ijyb
    21 | D        | Killed Ijyb
    21 | D        | Reached skill level 6 in Maces & Flails
    21 | D        | Reached XP level 2. HP: 15/19 MP: 2/2
    21 | D        | Reached XP level 3. HP: 18/23 MP: 3/3
    91 | D        | Noticed an ogre
    93 | D        | Slain by an ogre

Vanquished Creatures
  Ijyb (D)
1 creature vanquished.
